AoeStats
← ARCxxBLaZeX

Fortress

510539005Analyzed
1v1 RM · 1d ago on Oct 1, 2026· 79m 23s· 2 players
Game mode
Random Map
Map size
Small (3 player)
Population
200
Speed
Normal
Resources
Standard
Victory
Conquest
Starting age
Dark Age
Ending age
Imperial Age
RankedLock teamsTeams togetherTeam positionsShared explorationLock speedFull tech treeHidden civsTurbo modeCheats
Victory
Defeat
🇮🇳 Teutons · India
357
+17
🇮🇳 Inca · India
378
-17
ARCxxBLaZeX
1:02 Loom
9:27 Feudal Age
13:11 Double-Bit Axe
13:09 Horse Collar
12:54 Man-at-Arms
14:33 Gold Mining
15:53 Scale Mail Armor
21:36 Castle Age
19:23 Town Watch
20:31 Stone Mining
22:23 Crossbowman
22:29 Long Swordsman
23:26 Forging
23:33 Heavy Plow
24:55 Wheelbarrow
25:10 Gambesons
25:27 Squires
28:51 Bow Saw
28:20 Elite Skirmisher
30:08 Ballistics
30:25 Town Patrol
32:40 Stone Shaft Mining
32:38 Ironclad
34:40 Fortified Wall
35:16 Hand Cart
38:15 Imperial Age
36:30 Padded Archer Armor
36:21 Fletching
40:56 Bloodlines
42:12 Conscription
42:19 Crenellations
43:04 Elite Teutonic Knight
45:23 Scale Barding Armor
46:58 Arrowslits
49:52 Two-Handed Swordsman
50:25 Cavalier
52:07 Chain Mail Armor
58:03 Bodkin Arrow
62:47 Chemistry
66:54 Leather Archer Armor
67:10 Plate Mail Armor
68:53 Ring Archer Armor
70:04 Iron Casting
Saira.sihag100
10:07 Feudal Age
10:51 Double-Bit Axe
11:05 Horse Collar
10:56 Champi Runner
12:56 Wheelbarrow
18:45 Castle Age
17:13 Forging
19:12 Scale Mail Armor
19:13 Padded Archer Armor
19:08 Gold Mining
20:36 Hand Cart
20:54 Bow Saw
21:21 Heavy Plow
21:48 Stone Mining
22:34 Gold Shaft Mining
24:44 Iron Casting
24:01 Treadmill Crane
24:43 Masonry
25:07 Champi Warrior
34:21 Imperial Age
34:47 Elite Kamayuk
35:44 Murder Holes
35:40 Heated Shot
37:04 Heavy Scorpion
42:05 Crop Rotation
42:11 Stone Shaft Mining
45:39 Blast Furnace
44:30 Fletching
46:19 Fortified Wall
46:30 Ballistics
47:11 Chemistry
46:50 Coinage
46:14 Loom
46:35 Squires
47:58 Andean Sling
48:19 Conscription
50:46 Capped Ram
63:10 Arrowslits
74:41 Hoardings
73:37 Sappers
Connection lost

Rejoining the realm…

Still unreachable

The connection could not be restored.

Session expired

The server has moved on; the page needs a fresh start.